 Dungeon Crawl Stone Soup version 0.26-a0-227-g1af32d979d (webtiles) character file.

Game seed: 5455109067229181026

(classic levelgen) 11925 EnegeticOcto the Tainter (level 11, -2/89 HPs)
             Began as a Demigod Wanderer on July 7, 2020.
             Slain by a slime creature (18 damage)
             ... on level 11 of the Dungeon.
             The game lasted 00:40:20 (11150 turns).

EnegeticOcto the Tainter (Demigod Wanderer)        Turns: 11150, Time: 00:40:21

Health: -2/89      AC:  7    Str: 16    XL:     11   Next: 30%
Magic:  2/21       EV: 12    Int: 22    God:
Gold:   47         SH:  0    Dex: 14    Spells: 1/18 levels left

rFire    + . .     SeeInvis .   F - +1 dagger (elec)
rCold    . . .     Faith    .   (no shield)
rNeg     . . .     Spirit   .   K - +0 acid dragon scales
rPois    +         Reflect  .   j - +0 helmet
rElec    .         Harm     .   (no cloak)
rCorr    +                      (no gloves)
MR       +....                  (no boots)
Stlth    ++........             A - amulet of magic regeneration
HPRegen  0.24/turn              s - ring of poison resistance
MPRegen  0.42/turn              p - ring of protection from fire

@: barbed spikes
A: high mp 1
a: no special abilities


You were on level 11 of the Dungeon.
You were not hungry.

You visited 1 branch of the dungeon, and saw 11 of its levels.

You collected 594 gold pieces.
You spent 547 gold pieces at shops.

Inventory:

Hand Weapons
 a - a +2 trident of protection
 d - a +5 scimitar
 x - a +5 morningstar of protection
 B - a +4 halberd of freezing
 E - a cursed +3 hand axe of freezing
 F - a +1 dagger of electrocution (weapon)
Missiles
 g - 68 bolts
 u - 6 boomerangs (quivered)
 y - 3 throwing nets {!f}
 J - 77 arrows
Armour
 j - a +0 helmet (worn)
 n - a +0 scale mail of magic resistance
 v - a +0 tower shield
 H - a +0 leather armour of cold resistance
 K - +0 acid dragon scales (worn)
Jewellery
 p - a ring of protection from fire (right hand)
 s - a ring of poison resistance (left hand)
 A - an amulet of magic regeneration (around neck)
Wands
 r - a wand of digging (8) {@v3}
 G - a wand of enslavement (6)
 I - a wand of disintegration (8)
Scrolls
 f - 2 scrolls of identify {@r1}
 i - 5 scrolls of teleportation {@r3 !r}
 l - 2 scrolls of blinking {@r4}
 t - a scroll of magic mapping {@r5 !r}
 C - a scroll of immolation
 D - a scroll of fear {!r}
 M - a scroll of amnesia
Potions
 b - 3 potions of haste {@q4 !q}
 c - 7 potions of curing {@q1 !q}
 h - 2 potions of invisibility
 k - a potion of stabbing {@q5 !q}
 m - a potion of brilliance
 o - 3 potions of heal wounds {@q2 !q}
 q - a potion of lignification {@q6}
 w - a potion of berserk rage
 z - 2 potions of might {@q3 !q}
 L - a potion of flight
Comestibles
 e - 7 rations


   Skills:
 - Level 6.0 Fighting
 - Level 3.0 Armour
 - Level 2.4 Dodging
 - Level 2.0 Stealth
 - Level 4.3 Spellcasting
 - Level 6.8 Conjurations
   Level 2.6 Necromancy
 - Level 3.0 Transmutations
 + Level 4.5 Fire Magic
 - Level 3.0 Air Magic
 + Level 3.3 Earth Magic
 - Level 10.0 Poison Magic
 - Level 4.0 Evocations


You had one spell level left.
You knew the following spells:

 Your Spells              Type           Power        Failure   Level
a - Sting                 Tmut/Pois      ####         1%          1
b - Poisonous Vapours     Pois/Air       ####..       1%          2
c - Mephitic Cloud        Conj/Pois/Air  ####....     3%          3
d - Bolt of Magma         Conj/Fire/Erth ####......   47%         5
e - Olgreb's Toxic Radia  Pois           #####...     2%          4
f - Searing Ray           Conj           #####.       1%          2

Your spell library contained the following spells:

 Spells                   Type           Power        Failure   Level
 Foxfire                  Conj/Fire      ####         1%          1
 Magic Dart               Conj           ####         1%          1
 Infusion                 Chrm           #...         14%         1
 Summon Small Mammal      Summ           #...         14%         1
 Conjure Flame            Conj/Fire      ####....     4%          3
 Ignite Poison            Fire/Tmut/Pois ####....     4%          3
 Dazzling Flash           Conj/Hex       ###...       11%         3
 Sticky Flame             Conj/Fire      ####....     14%         4
 Inner Flame              Hex/Fire       ##......     17%         3
 Call Imp                 Summ           #.......     22%         2
 Shroud of Golubria       Chrm/Tloc      #.....       22%         2
 Song of Slaying          Chrm           #.......     22%         2
 Fulminant Prism          Conj/Hex       ###.......   34%         4
 Iskenderun's Mystic Bla  Conj/Tloc      ###.....     34%         4
 Fireball                 Conj/Fire      ####......   36%         5
 Call Canine Familiar     Summ           #.......     41%         3
 Ozocubu's Armour         Chrm/Ice       #.......     41%         3
 Spectral Weapon          Hex/Chrm       #.......     41%         3
 Summon Guardian Golem    Hex/Summ       #.......     41%         3
 Summon Lightning Spire   Summ/Air       ##......     61%         4
 Iskenderun's Battlesphe  Conj/Chrm      ###.....     69%         5
 Summon Ice Beast         Ice/Summ       #.......     82%         4
 Iron Shot                Conj/Erth      ####......   95%         6
 Orb of Destruction       Conj           #####.....   100%        7
 Spellforged Servitor     Conj/Summ      ###.......   100%        7


Dungeon Overview and Level Annotations

Branches:
Dungeon (11/15)            Temple (0/1) D:5
   Lair: D:8-11         Orc: D:9-12

Shops:
D:6 ?(=

Annotations:
D:3 1 runed translucent door, BritishOli's ghost, amateur DsGl
D:5 1 runed translucent door, Crazy Yiuf
D:7 1 runed translucent door, WobbleTop's ghost, novice SpWr
D:10 exclusion: door


Innate Abilities, Weirdness & Mutations

You have an increased reservoir of magic. (+10% MP)


Message History

Casting: Searing Ray (safe; 1% risk of failure)
Confirm with . or Enter, or press ? or * to list all spells.
Aiming: Poisonous Vapours (safe; 1% risk of failure)
Press: ? - help, Dir - move target cursor, f - manticore
Aim: a manticore (wandering, hasn't noticed you) Poisonous vapours surround the manticore!
The manticore is engulfed in poison gas.
The manticore is poisoned.
Casting: Poisonous Vapours (safe; 1% risk of failure)
Confirm with . or Enter, or press ? or * to list all spells.
Aiming: Poisonous Vapours (safe; 1% risk of failure)
Press: ? - help, Dir - move target cursor, f/p - manticore
Aim: a manticore (lightly wounded, poisoned) Poisonous vapours surround the manticore!
Casting: Poisonous Vapours (safe; 1% risk of failure)
Confirm with . or Enter, or press ? or * to list all spells.
Aiming: Poisonous Vapours (safe; 1% risk of failure)
Press: ? - help, Dir - move target cursor, f/p - manticore
Aim: a manticore (lightly wounded, poisoned) Poisonous vapours surround the manticore!
The manticore is engulfed in poison gas.
The manticore looks even sicker.
Casting: Poisonous Vapours (safe; 1% risk of failure)
Confirm with . or Enter, or press ? or * to list all spells.
Aiming: Poisonous Vapours (safe; 1% risk of failure)
Press: ? - help, Dir - move target cursor, f/p - manticore
Aim: a manticore (moderately wounded, very poisoned) Poisonous vapours surround the manticore!
The slime creature quivers.
The manticore is engulfed in poison gas.
The manticore looks even sicker.
The manticore flicks its tail.
The volley of spikes hits you!
The barbed spikes become lodged in your body.
Casting: Poisonous Vapours (safe; 1% risk of failure)
Confirm with . or Enter, or press ? or * to list all spells.
Aiming: Mephitic Cloud (mildly dangerous; 3% risk of failure)
Press: ? - help, Shift-Dir - straight line, p - manticore The ball explodes into a vile cloud!
The stinking cloud engulfs the manticore but does no damage.
The manticore is heavily wounded.
You hear an angry hiss. x2; You hear a shout! x4
The manticore is engulfed in noxious fumes.
Casting: Mephitic Cloud (mildly dangerous; 3% risk of failure)
Confirm with . or Enter, or press ? or * to list all spells.
You begin to radiate toxic energy.
The scorpion is poisoned.
The manticore looks as sick as possible!
The manticore flicks its tail.
The volley of spikes hits you!
The barbed spikes become lodged in your body.
Your toxic aura wanes.
The manticore flicks its tail.
The volley of spikes hits you!
The barbed spikes become lodged in your body.
The barbs in your skin will harm you if you move.
Continue?
Okay, then.
The barbs in your skin will harm you if you move.
Continue?
The barbed spikes dig painfully into your body as you move.
Things that are here:
an adder skeleton; a howler monkey skeleton The barbed spikes dig painfully into your body as you move.
Things that are here:
a basilisk corpse; a troll skeleton The barbed spikes dig painfully into your body as you move.
You kill the scorpion!
The barbed spikes dig painfully into your body as you move.
There is a stone staircase leading up here.
Casting: Olgreb's Toxic Radiance (dangerous; 2% risk of failure)
Confirm with . or Enter, or press ? or * to list all spells.
Aiming: Searing Ray (safe; 1% risk of failure)
Press: ? - help, Shift-Dir - straight line, f - slime creature
Aim: a slime creature The searing ray hits the slime creature!
The slime creature is lightly wounded.
The searing ray hits the manticore!
The manticore is almost dead. (Press . to maintain the ray.)
The slime creature hits you.
Your magical contamination has completely faded away.
The searing ray hits the slime creature!
The slime creature is moderately wounded.
The searing ray hits the manticore!
You kill the manticore!
The slime creature hits you.
* * * LOW HITPOINT WARNING * * *
Unknown command.
You completely miss the slime creature.
The slime creature is moderately wounded.
The slime creature closely misses you.
You hit the slime creature but do no damage.
The slime creature is moderately wounded.
The slime creature hits you!
* * * LOW HITPOINT WARNING * * *
You hit the slime creature.
The slime creature is moderately wounded.
The slime creature hits you.
* * * LOW HITPOINT WARNING * * *
Really quaff
c - 8 potions of curing {@q1 !q}?
You feel better. The slime creature hits you!!
You die...

#. #. .## ##. # ..# #.. #.### #.#
#.. ..... #.# ##.. ......
#.###...
)...†.####################.......
...†).(.(.÷..÷†J@.)...)..........
o..))...(((..#############...##..
o[...(#####...# #..####. .....
##..# #...# ## .... ##..# ...#..#
... ### ######.# ## .. #..


You could see a slime creature.

Vanquished Creatures
  Harold (D:9)
  2 two-headed ogres
  An unseen horror (D:10)
  Pikel (D:9)
  A manticore (D:11)
  Joseph (D:7)
  Maggie (D:7)
  A queen bee (D:10)
  A troll (D:11)
  A hornet (D:10)
  Prince Ribbit (D:6)
  2 hippogriffs
  A slime creature (D:11)
  Grinder (D:6)
  A wraith (D:11)
  Sigmund (D:2)
  5 yaks (D:11)
  A basilisk (D:11)
  3 orc warriors
  2 phantoms
  A sky beast (D:9)
  3 ice beasts
  2 necrophages
  6 ogres
  9 centaurs
  2 lemures (D:9)
  2 bullfrogs
  5 scorpions
  22 killer bees
  5 howler monkeys
  13 wights
  A bullfrog zombie (D:5)
  5 hounds
  A jelly (D:9)
  An orc priest (D:9)
  10 orc wizards
  3 iguanas
  7 worker ants
  A worker ant zombie (D:10)
  15 adders
  A howler monkey skeleton (D:10)
  A shadow imp (D:8)
  2 white imps (D:10)
  An ufetubus (D:8)
  2 worms
  A dart slug (D:2)
  2 leopard geckos (D:3)
  31 orcs
  5 bats
  10 giant cockroaches
  A hobgoblin (D:3)
  13 jackals
  5 kobolds
  9 quokkas
  6 frilled lizards
  8 goblins
  8 rats
249 creatures vanquished.

Vanquished Creatures (others)
  A fungus (D:11)
  3 plants (D:11)
  A withered plant (D:3)
5 creatures vanquished.

Grand Total: 254 creatures vanquished

Notes
Turn   | Place    | Note
-------+----------+-------------------------------------------
     0 | D:1      | EnegeticOcto the Demigod Wanderer began the quest for the
                  | Orb.
     0 | D:1      | EnegeticOcto set off with the following items: a +0 spear,
                  | a potion of curing {@q1 !q}, a +0 robe, a ration, a +0
                  | dagger; and the following spell memorised: Sting; and the
                  | following spells available to memorise: Poisonous Vapours,
                  | Ignite Poison, Mephitic Cloud, Olgreb's Toxic Radiance
     0 | D:1      | Reached XP level 1. HP: 18/18 MP: 3/3
    67 | D:1      | Reached skill level 2 in Poison Magic
   412 | D:1      | Reached XP level 2. HP: 25/25 MP: 1/4
   518 | D:1      | Found a shimmering altar of Xom.
   520 | D:1      | Found an ornate altar of the Wu Jian Council.
   520 | D:1      | Found a shimmering altar of Xom.
   522 | D:1      | Found a shimmering altar of Xom.
   522 | D:1      | Found a hazy altar of Hepliaklqana.
   522 | D:1      | Found a burning altar of Makhleb.
   984 | D:2      | Reached skill level 3 in Poison Magic
  1210 | D:2      | Reached skill level 1 in Spellcasting
  1210 | D:2      | Reached XP level 3. HP: 13/30 MP: 3/7
  1214 | D:2      | Learned a level 2 spell: Poisonous Vapours
  2011 | D:2      | Noticed Sigmund
  2030 | D:2      | Reached skill level 1 in Air Magic
  2347 | D:2      | Killed Sigmund
  2347 | D:2      | Reached skill level 2 in Spellcasting
  2347 | D:2      | Reached skill level 3 in Air Magic
  2347 | D:2      | Reached skill level 2 in Stealth
  2347 | D:2      | Reached XP level 4. HP: 27/37 MP: 1/9
  2347 | D:2      | Reached XP level 5. HP: 31/42 MP: 1/10
  2352 | D:2      | Learned a level 3 spell: Mephitic Cloud
  2791 | D:3      | Found an ancient bone altar of Kikubaaqudgha.
  2872 | D:3      | Found a runed translucent door.
  2873 | D:3      | Noticed BritishOli's ghost (amateur DsGl)
  3232 | D:4      | Reached skill level 1 in Conjurations
  3239 | D:4      | Reached skill level 1 in Transmutations
  3239 | D:4      | Reached XP level 6. HP: 41/50 MP: 4/12
  3525 | D:4      | Found a radiant altar of Vehumet.
  3839 | D:4      | Reached skill level 2 in Conjurations
  3943 | D:4      | Reached skill level 3 in Spellcasting
  3943 | D:4      | Reached skill level 2 in Transmutations
  4115 | D:4      | Learned a level 3 spell: Ignite Poison
  4120 | D:5      | Entered Level 5 of the Dungeon
  4325 | D:5      | Reached XP level 7. HP: 56/56 MP: 10/15
  4378 | D:5      | Found a staircase to the Ecumenical Temple.
  4551 | D:5      | Reached skill level 1 in Fire Magic
  4631 | D:5      | Found a shimmering blue altar of Sif Muna.
  4631 | D:5      | Found a faded altar of an unknown god.
  4750 | D:5      | Found a faded altar of an unknown god.
  4752 | D:5      | Found a shimmering altar of Xom.
  4754 | D:5      | Found an ornate altar of the Wu Jian Council.
  4810 | D:5      | Reached skill level 3 in Conjurations
  4941 | D:5      | Found a runed translucent door.
  4942 | D:5      | Noticed Crazy Yiuf
  5237 | D:6      | Found a snail-covered altar of Cheibriados.
  5319 | D:6      | Noticed a two-headed ogre
  5343 | D:6      | Killed a two-headed ogre
  5343 | D:6      | Reached skill level 4 in Spellcasting
  5343 | D:6      | Reached skill level 2 in Fire Magic
  5343 | D:6      | Reached skill level 4 in Poison Magic
  5343 | D:6      | Reached skill level 3 in Fighting
  5343 | D:6      | Reached skill level 3 in Transmutations
  5343 | D:6      | Reached skill level 5 in Poison Magic
  5343 | D:6      | Reached XP level 8. HP: 60/63 MP: 5/17
  5354 | D:6      | Learned a level 4 spell: Olgreb's Toxic Radiance
  5357 | D:6      | Learned a level 2 spell: Searing Ray
  5483 | D:6      | Reached skill level 6 in Poison Magic
  5506 | D:6      | Reached skill level 4 in Conjurations
  5687 | D:6      | Noticed Grinder
  5702 | D:6      | Killed Grinder
  5702 | D:6      | Reached skill level 5 in Conjurations
  5943 | D:6      | Found Esilut's Weapon Shoppe.
  5976 | D:6      | Noticed Prince Ribbit
  5984 | D:6      | Killed Prince Ribbit
  6275 | D:6      | Reached skill level 7 in Poison Magic
  6547 | D:5      | Reached XP level 9. HP: 57/68 MP: 13/18
  6707 | D:6      | Found Ijiemp's Jewellery Boutique.
  6710 | D:6      | Bought an uncursed amulet of magic regeneration for 360
                  | gold pieces
  6739 | D:6      | Found Ceywam's Magic Scroll Boutique.
  6742 | D:6      | Bought a scroll of teleportation for 45 gold pieces
  7039 | D:7      | Reached skill level 8 in Poison Magic
  7129 | D:7      | Noticed Joseph
  7132 | D:7      | Reached skill level 4 in Fighting
  7140 | D:7      | Killed Joseph
  7140 | D:7      | Reached skill level 5 in Fighting
  7210 | D:7      | Found a shadowy altar of Dithmenos.
  7239 | D:7      | Reached skill level 9 in Poison Magic
  7357 | D:7      | Noticed Maggie
  7369 | D:7      | Killed Maggie
  7596 | D:7      | Found a runed translucent door.
  7596 | D:7      | Noticed WobbleTop's ghost (novice SpWr)
  8080 | D:8      | Reached XP level 10. HP: 81/81 MP: 15/19
  8175 | D:8      | Reached skill level 10 in Poison Magic
  8467 | D:9      | Found a blossoming altar of Fedhas.
  8546 | D:9      | Noticed Harold
  8557 | D:9      | Killed Harold
  8557 | D:9      | Reached skill level 2 in Evocations
  8610 | D:9      | Found a sacrificial altar of Ru.
  8888 | D:9      | Reached skill level 6 in Conjurations
  8888 | D:9      | Reached skill level 3 in Evocations
  9062 | D:9      | Noticed Pikel
  9067 | D:9      | Killed Pikel
  9067 | D:9      | Reached skill level 4 in Evocations
  9067 | D:9      | Reached skill level 2 in Armour
  9262 | D:9      | Reached skill level 3 in Armour
  9465 | D:10     | Entered Level 10 of the Dungeon
  9485 | D:10     | Reached skill level 1 in Dodging
  9742 | D:10     | Killed an unseen horror
  9742 | D:10     | Reached skill level 2 in Dodging
  9800 | D:10     | Noticed a two-headed ogre
  9809 | D:10     | Killed a two-headed ogre
  9824 | D:10     | Identified a scroll of acquirement
  9895 | D:6      | Bought a scroll of amnesia for 52 gold pieces
  9895 | D:6      | Bought a scroll of teleportation for 45 gold pieces
  9895 | D:6      | Bought a scroll of teleportation for 45 gold pieces
  9902 | D:6      | Learned a level 5 spell: Bolt of Magma
 10124 | D:10     | Reached skill level 6 in Fighting
 10124 | D:10     | Reached skill level 3 in Fire Magic
 10183 | D:10     | Reached skill level 1 in Earth Magic
 10183 | D:10     | Reached XP level 11. HP: 81/89 MP: 17/21
 10715 | D:11     | Reached skill level 2 in Earth Magic
 10785 | D:11     | Reached skill level 4 in Fire Magic
 11129 | D:11     | Reached skill level 3 in Earth Magic
 11150 | D:11     | Slain by a slime creature

Illustrated notes

Levels and vault maps discovered:
D:1:      minmay_arrival_four_loops, layout_basic, serial_park_tiny_pond,
          doesnt_xom_only_xom
D:2:      layout_basic, first_ration, uniq_sigmund
D:3:      layout_rooms, kiku_gazebo_pond_becter, gammafunk_ghost_grave
D:4:      layout_basic, fiery_altar_vehumet, minmay_misc_feat_chi,
          corexii_hall_statues_t
D:5:      layout_rooms, chequers_temple_overflow_minitemple,
          minmay_temple_entry_overgrown, uniq_crazy_yiuf_cottage
D:6:      layout_basic, serial_shops, kennysheep_mini, shop,
          nicolae_shop_behind_doors, cheibriados_altar_1, uniq_prince_ribbit1,
          uniq_grinder
D:7:      layout_rooms, nicolae_dithmenos_shadow_blocks, gammafunk_ghost_grave,
          hangedman_abyss_or_decor_lesser_grid, uniq_joseph, uniq_maggie
D:8:      layout_basic
D:9:      layout_cave_pools, nicolae_overflow_hidden_temple, basic_altar,
          uniq_harold, uniq_pikel
D:10:     layout_cave_pools, david_nohive_1, minivault_19, chequers_garden,
          hangedman_incinerator
D:11:     layout_rooms, david_lair_generic, nicolae_trove_entry_columns,
          chequers_serial_rivers_small_b

Skill      XL: |  1  2  3  4  5  6  7  8  9 10 11 |
---------------+----------------------------------+-----
Poison Magic   | 2 3 5 7 9 10 | 10.0
Spellcasting   | 1 2 3 4 |  4.3
Air Magic      | 3 |  3.0
Stealth        | 2 |  2.0
Conjurations   | 1 2 3 5 6 |  6.8
Transmutations | 1 2 3 |  3.0
Fire Magic     | 2 3 4 |  4.5
Fighting       | 3 5 6 |  6.0
Evocations     | 4 |  4.0
Armour         | 3 |  3.0
Dodging        | 2 |  2.4
Earth Magic    | 1 3 |  3.3
Necromancy     | |  2.6

Action                   |  1- 3 |  4- 6 |  7- 9 | 10-12 || total
-------------------------+-------+-------+-------+-------++-------
Melee: Spear             |    75 |     4 |       |       ||    79
       Whip              |       |     4 |       |       ||     4
       Morningstar       |       |    18 |    69 |       ||    87
       Unarmed           |       |       |     3 |       ||     3
       Dagger            |       |       |    27 |    61 ||    88
       Halberd           |       |       |     6 |       ||     6
Throw: Boomerang         |       |       |     4 |     1 ||     5
 Cast: Sting             |    37 |    38 |    21 |     9 ||   105
       Poisonous Vapours |     2 |    26 |    53 |    46 ||   127
       Searing Ray       |       |       |    20 |    22 ||    42
       Mephitic Cloud    |       |       |     5 |     4 ||     9
       Ignite Poison     |       |       |     3 |     3 ||     6
       Olgreb's Toxic Ra |       |       |    10 |    25 ||    35
Evoke: Wand              |       |       |       |     5 ||     5
  Use: Scroll            |     2 |     9 |     9 |     7 ||    27
       Potion            |       |       |     2 |     1 ||     3
 Stab: Sleeping          |     2 |       |     1 |       ||     3
       Confused          |       |       |     1 |       ||     1
  Eat: Ration            |     2 |     1 |     4 |     2 ||     9
Armor: Robe              |    31 |    14 |    31 |       ||    76
       Skin              |       |       |    11 |       ||    11
       Acid dragon scale |       |       |    11 |    37 ||    48
       Leather armour    |       |       |     4 |       ||     4
Dodge: Dodged            |    48 |    39 |    79 |    53 ||   219

Table legend:
 A = Non-vault XP
 B = Vault XP
 C = Vault XP percentage of total XP
 D = Non-vault monster count
 E = Vault monster count
 F = Vault count percentage of total count
                 A         B        C        D         E       F
            +---------+---------+-------+---------+---------+-------
      Total |   12431 |    4605 |  27.0 |     223 |      24 |   9.7
            +---------+---------+-------+---------+---------+-------
        D:1 |      28 |       0 |   0.0 |      17 |       0 |   0.0
        D:2 |      72 |     212 |  74.6 |      20 |       1 |   4.8
        D:3 |      47 |       0 |   0.0 |      19 |       0 |   0.0
        D:4 |     492 |       0 |   0.0 |      14 |       0 |   0.0
        D:5 |     457 |       0 |   0.0 |      18 |       0 |   0.0
        D:6 |    1871 |     550 |  22.7 |      21 |       2 |   8.7
        D:7 |    1386 |     766 |  35.6 |      35 |       2 |   5.4
        D:8 |     824 |       0 |   0.0 |      11 |       0 |   0.0
        D:9 |    1260 |    1617 |  56.2 |      20 |       2 |   9.1
       D:10 |    2535 |    1264 |  33.3 |      23 |      16 |  41.0
       D:11 |    3459 |     196 |   5.4 |      25 |       1 |   3.8
            +---------+---------+-------+---------+---------+-------
